 Dungeon Crawl Stone Soup version 0.24.1 (webtiles) character file.

Game seed: 15280052332646531685, levelgen mode: deterministic

8054 BuffBuff the Cleaver (level 11, -1/99 HPs)
             Began as a Minotaur Berserker on Apr 2, 2020.
             Was a High Priest of Trog.
             Slain by a komodo dragon (22 damage)
             ... on level 11 of the Dungeon.
             The game lasted 00:21:12 (10530 turns).

BuffBuff the Cleaver (Minotaur Berserker)          Turns: 10530, Time: 00:21:13

Health: -1/99      AC: 18    Str: 32    XL:     11   Next: 4%
Magic:  3/3        EV: 11    Int:  4    God:    Trog [*****.]
Gold:   600        SH:  0    Dex:  9    Spells: 10/10 levels left

rFire    . . .     SeeInvis .   l - +3 battleaxe (antimagic)
rCold    . . .     Gourm    .   (shield currently unavailable)
rNeg     . . .     Faith    .   x - +0 plate armour
rPois    .         Spirit   .   (helmet restricted)
rElec    .         Reflect  .   i - +0 cloak
rCorr    .         Harm     .   (no gloves)
MR       .....                  (no boots)
Stlth    ..........             (no amulet)
HPRegen  0.26/turn              B - +6 ring of strength
MPRegen  0.08/turn              y - +3 ring of protection

@: no status effects
A: retaliatory headbutt, horns 2
a: Berserk, Trog's Hand, Brothers in Arms, Renounce Religion


You were on level 11 of the Dungeon.
You worshipped Trog.
Trog was extremely pleased with you.
You were not hungry.

You visited 1 branch of the dungeon, and saw 11 of its levels.

You collected 600 gold pieces.

Inventory:

Hand Weapons
 e - a +7 broad axe of chopping
 l - a +3 antimagic battleaxe (weapon)
Missiles
 o - 26 poisoned darts (quivered)
Armour
 i - a +0 cloak (worn)
 x - a +0 plate armour (worn)
Jewellery
 r - an uncursed ring of poison resistance
 t - an uncursed ring of protection from cold
 y - a +3 ring of protection (right hand)
 B - a +6 ring of strength (left hand)
Wands
 a - a wand of random effects (12)
 q - a wand of acid (10)
 E - a wand of flame (22)
Scrolls
 b - a scroll of enchant armour {unknown}
 d - a scroll of fear
 p - 5 scrolls of remove curse
 u - 2 scrolls of teleportation
 v - 6 scrolls of identify
 F - a scroll of enchant weapon
Potions
 f - a potion of brilliance
 h - 2 potions of ambrosia
 j - 3 potions of magic
 k - 2 potions of invisibility
 n - 5 potions of heal wounds {unknown}
 s - 3 potions of haste {unknown}
 w - 2 potions of might
 z - a potion of lignification
 A - 2 potions of curing
 D - a potion of berserk rage
Comestibles
 c - 21 rations


   Skills:
 + Level 9.9 Fighting
 * Level 13.0 Axes
 + Level 9.5 Armour
 + Level 8.6 Dodging


You had 10 spell levels left.
You didn't know any spells.
Your spell library was empty.

Dungeon Overview and Level Annotations

Branches:
Dungeon (11/15)            Temple (0/1) D:6            Lair (0/6) D:11
    Orc (0/2) D:10

Altars:
Dithmenos
Gozag
Hepliaklqana
Kikubaaqudgha
Nemelex Xobeh
Okawaru
Qazlal
Ru
Sif Muna
Uskayaw
Vehumet
The Shining One

Shops:
D:10 !


Innate Abilities, Weirdness & Mutations

You reflexively headbutt those who attack you in melee.
You have a pair of horns on your head.


Message History

The komodo dragon bites you.
Your plate armour prevents you from hitting the komodo dragon.
Your headbutt misses the komodo dragon.
The komodo dragon is moderately wounded.
The komodo dragon barely misses you. You furiously retaliate!
You headbutt the komodo dragon, but do no damage.
You hit the komodo dragon but do no damage.
The komodo dragon is moderately wounded.
The komodo dragon closely misses you. The komodo dragon bites you.
You hit the komodo dragon.
The komodo dragon is moderately wounded.
The komodo dragon bites you but does no damage.
You closely miss the komodo dragon. You headbutt the komodo dragon.
The komodo dragon is heavily wounded.
The komodo dragon bites you!
* * * LOW HITPOINT WARNING * * *
You hit the komodo dragon. Your headbutt misses the komodo dragon.
The komodo dragon is heavily wounded.
The komodo dragon bites you!!
You die... #.......... #.......... ########### #.......... ##PPPPPPPPP##

#...###+#.###PPPPPPP..PP#
#...# #.+..P.PPPl.>.PP#
#...# #.#....PPPP...PP#
#...# #.#.....P.PPPPPP#
##...# #.#l#......PP..P#
#....# #.'@##...P..PP.#
#....#####.#.####.....###
#..........######+#O...#
#......................#
#..........................
##..........<...............
#...........................
#......................#####
#####...............O..#


You could see a komodo dragon.

Vanquished Creatures
  A two-headed ogre (D:11)
  A manticore (D:10)
  A spriggan (D:7)
  Sigmund (D:6)
  A wraith (D:10)
  11 yaks (D:9)
  A hungry ghost (D:8)
  Edmund (D:6)
  3 ice beasts
  A black bear (D:4)
  An orc warrior (D:7)
  A sky beast (D:3)
  2 phantoms
  4 ogres
  7 centaurs
  A crocodile (D:10)
  A big kobold (D:7)
  Blork the orc (D:6)
  8 bullfrogs
  3 scorpions
  8 killer bees
  4 crimson imps
  5 bullfrog skeletons
  2 bullfrog zombies
  A centaur zombie (D:10)
  9 hounds
  4 jellies
  6 orc priests
  6 orc wizards
  Crazy Yiuf (D:6)
  A centaur skeleton (D:4)
  2 iguanas
  5 worker ants
  A hound skeleton (D:5)
  Robin (D:3)
  20 gnolls
  A howler monkey skeleton (D:6)
  9 adders
  3 oozes (D:1)
  3 adder skeletons
  3 worms
  2 dart slugs
  9 leopard geckos
  40 orcs
  6 giant cockroaches
  13 hobgoblins
  11 jackals
  27 kobolds
  4 quokkas
  3 ball pythons (D:1)
  A ball python zombie (D:6)
  8 bats
  3 frilled lizards
  23 goblins
  3 quokka skeletons
  A quokka zombie (D:8)
  10 rats
310 creatures vanquished.

Vanquished Creatures (others)
  A leopard gecko (D:3)
  A bat (D:3)
  A plant (D:11)
3 creatures vanquished.

Grand Total: 313 creatures vanquished

Notes
Turn   | Place    | Note
-------+----------+-------------------------------------------
     0 | D:1      | BuffBuff the Minotaur Berserker began the quest for the
                  | Orb.
     0 | D:1      | Reached XP level 1. HP: 19/19 MP: 0/0
   120 | D:1      | Reached XP level 2. HP: 16/27 MP: 1/1
   249 | D:1      | Reached skill level 4 in Axes
   569 | D:1      | Reached XP level 3. HP: 33/33 MP: 2/2
   985 | D:1      | Reached ** piety under Trog
  1372 | D:2      | Reached XP level 4. HP: 25/40 MP: 3/3
  1763 | D:2      | Reached skill level 5 in Axes
  1874 | D:2      | Reached XP level 5. HP: 47/47 MP: 4/4
  1884 | D:2      | Found a sparkling altar of Nemelex Xobeh.
  2241 | D:3      | Noticed Robin
  2250 | D:3      | Reached *** piety under Trog
  2263 | D:3      | Killed Robin
  2819 | D:3      | Reached XP level 6. HP: 47/55 MP: 5/5
  2838 | D:3      | Reached skill level 5 in Fighting
  2946 | D:3      | Reached skill level 6 in Axes
  3123 | D:3      | Found an ancient bone altar of Kikubaaqudgha.
  3505 | D:3      | Noticed a sky beast
  3519 | D:3      | Killed a sky beast
  3576 | D:3      | Found an iron altar of Okawaru.
  3681 | D:4      | Reached XP level 7. HP: 54/61 MP: 6/6
  3847 | D:4      | Found an opulent altar of Gozag.
  3975 | D:4      | Reached skill level 7 in Axes
  3975 | D:4      | Reached skill level 5 in Armour
  4140 | D:4      | Found a glowing golden altar of the Shining One.
  4184 | D:4      | Found a glowing golden altar of the Shining One.
  4774 | D:4      | Found a shimmering blue altar of Sif Muna.
  4825 | D:5      | Entered Level 5 of the Dungeon
  5047 | D:5      | Reached **** piety under Trog
  5316 | D:5      | Reached XP level 8. HP: 51/70 MP: 7/7
  5494 | D:5      | Reached skill level 8 in Axes
  5494 | D:5      | Reached skill level 5 in Dodging
  6084 | D:5      | Reached skill level 9 in Axes
  6412 | D:6      | Noticed Edmund
  6421 | D:6      | Killed Edmund
  6497 | D:6      | Found a staircase to the Ecumenical Temple.
  6503 | D:6      | Noticed Blork the orc
  6511 | D:6      | Killed Blork the orc
  6544 | D:6      | Noticed Sigmund
  6549 | D:6      | Reached XP level 9. HP: 71/79 MP: 8/8
  6553 | D:6      | Reached ***** piety under Trog
  6561 | D:6      | Killed Sigmund
  6578 | D:6      | Reached skill level 10 in Axes
  7144 | D:6      | Found a runed translucent door.
  7145 | D:6      | Noticed Crazy Yiuf
  7152 | D:6      | Killed Crazy Yiuf
  7324 | D:7      | Found a sacrificial altar of Ru.
  7476 | D:7      | Received a gift from Trog
  7925 | D:7      | Found a shadowy altar of Dithmenos.
  8245 | D:7      | Found a hazy altar of Hepliaklqana.
  8255 | D:7      | Found a hide-covered altar of Uskayaw.
  8256 | D:7      | Found a radiant altar of Vehumet.
  8586 | D:8      | Reached skill level 11 in Axes
  8920 | D:8      | Reached XP level 10. HP: 89/90 MP: 9/9
  8929 | D:8      | Found a stormy altar of Qazlal.
  9331 | D:9      | Reached skill level 12 in Axes
  9604 | D:10     | Entered Level 10 of the Dungeon
  9712 | D:10     | Found a staircase to the Orcish Mines.
  9885 | D:10     | Received a gift from Trog
  9952 | D:10     | Noticed a manticore
  9959 | D:10     | Killed a manticore
 10043 | D:10     | Found a hazy altar of Hepliaklqana.
 10098 | D:10     | Found Rukerem's Distillery.
 10499 | D:11     | Found a staircase to the Lair.
 10504 | D:11     | Noticed a two-headed ogre
 10522 | D:11     | Killed a two-headed ogre
 10522 | D:11     | Reached skill level 13 in Axes
 10522 | D:11     | Reached XP level 11. HP: 48/99 MP: 3/10
 10530 | D:11     | Slain by a komodo dragon

Levels and vault maps discovered:
D:1:      dpeg_arrival_three_bigger_balls, layout_basic, serial_forest,
          infiniplex_forest_straight_4, infiniplex_forest_straight_2,
          infiniplex_forest_clump_medium, infiniplex_forest_clump_small,
          infiniplex_forest_join, infiniplex_forest_end_1, minivault_5
D:2:      layout_rooms, overflow_temple_1_default
D:3:      layout_basic, lemuel_coloured_pillars_altar,
          kiku_gazebo_garden_becter, lemuel_old_faithful, uniq_robin
D:4:      black_bear_nest_2, layout_cave_pools, tso_oasis_becter,
          lemuel_crystal_altar, tgw_sif, first_ration, chequers_jeans,
          nicolae_tso_swordbearing_angel
D:5:      layout_basic, minmay_ogre_servants
D:6:      layout_rooms, minmay_temple_entry_stoned_glass, minmay_liquid_box,
          minmay_misc_feat_encased, uniq_sigmund, uniq_crazy_yiuf_cottage,
          uniq_blork_the_orc, uniq_edmund
D:7:      kennysheep_kobold_camp, layout_basic,
          nicolae_ru_great_annihilating_truth, marbit_many_paths,
          nicolae_overflow_hidden_temple, gammafunk_temple_overflow_statue,
          the_bakery, minivault_26
D:8:      layout_rooms, old_standard_altar
D:9:      layout_irregular_city, st_stairs_13
D:10:     layout_grid_maze, orc_0_dummy, basic_altar, serial_shops,
          kennysheep_mini
D:11:     layout_irregular_city, david_lair_shrubbed, serial_shops, shop,
          grunt_tough_drop

Skill      XL: |  1  2  3  4  5  6  7  8  9 10 |
---------------+-------------------------------+-----
Axes           | 4 5 6 7 9 11 13 | 13.0
Fighting       | 4 5 6 7 8 9 |  9.9
Armour         | 3 4 5 6 8 9 |  9.5
Dodging        | 3 4 6 7 8 |  8.6

Action                   |  1- 3 |  4- 6 |  7- 9 | 10-12 || total
-------------------------+-------+-------+-------+-------++-------
Melee: Whip              |    96 |    68 |       |       ||   164
       Headbutt          |    16 |    28 |    59 |    23 ||   126
       Hand axe          |       |    62 |       |       ||    62
       War axe           |       |    68 |   111 |       ||   179
       Flail             |       |       |    99 |       ||    99
       Broad axe         |       |       |    67 |    68 ||   135
       Battleaxe         |       |       |       |    38 ||    38
Invok: Berserk           |       |     2 |     3 |       ||     5
  Use: Scroll            |       |     9 |     8 |       ||    17
       Potion            |       |       |     1 |       ||     1
 Stab: Distracted        |       |       |     1 |       ||     1
       Paralysed         |       |       |     1 |       ||     1
  Eat: Chunk             |     1 |     9 |    18 |     5 ||    33
       Ration            |       |       |     1 |       ||     1
Armor: Animal skin       |     9 |       |       |       ||     9
       Scale mail        |    19 |    65 |    89 |       ||   173
       Plate armour      |       |       |    22 |    49 ||    71
Dodge: Dodged            |    66 |   119 |   183 |    59 ||   427
